 Dungeon Crawl Stone Soup version 0.28-a0-503-g83f2989fac (webtiles) character file.

Game seed: 9172584695219638207

27 frimble the Stinger (level 2, -1/21 HPs)
             Began as a Demonspawn Venom Mage on Sept 20, 2021.
             Slain by a gnoll (7 damage)
             ... on level 1 of the Dungeon.
             The game lasted 00:02:12 (1946 turns).

frimble the Stinger (Demonspawn Venom Mage)         Turns: 1946, Time: 00:02:12

Health: -1/21      AC:  3    Str:  8    XL:     2   Next: 93%
Magic:  5/5        EV: 12    Int: 16    God:
Gold:   31         SH:  0    Dex: 13    Spells: 4/5 levels left

rFire   . . .      SeeInvis .   h - +0 dagger (speed)
rCold   . . .      Faith    .   (no shield)
rNeg    . . .      Spirit   .   a - +0 robe
rPois   .          Reflect  .   (no helmet)
rElec   .          Harm     .   (no cloak)
rCorr   .          Rampage  .   d - +0 pair of gloves
Will    .....                   (no boots)
Stlth   ++........              (no amulet)
HPRegen 0.07/turn               (no ring)
MPRegen 0.18/turn               (no ring)

@: no status effects
A: magic regeneration
a: no special abilities


You were on level 1 of the Dungeon.
You visited 1 branch of the dungeon, and saw 2 of its levels.

You collected 50 gold pieces.
You spent 19 gold pieces at shops.

Inventory:

Hand Weapons
 b - a +0 short sword
 h - a +0 dagger of speed (weapon)
Missiles
 f - 18 poisoned darts
Armour
 a - a +0 robe (worn)
 d - a +0 pair of gloves (worn)
Wands
 e - a wand of flame (20)
Potions
 c - a potion of cancellation
 g - 2 potions of curing
 i - a potion of magic


   Skills:
 - Level 1.1 Fighting
 + Level 0.9 Short Blades
 - Level 1.7 Dodging
 - Level 1.7 Stealth
 - Level 2.0 Spellcasting
 - Level 0.8 Transmutations
 + Level 3.6 Poison Magic


You had 4 spell levels left.
You knew the following spells:

 Your Spells              Type           Power      Damage    Failure   Level
a - Sting                 Tmut/Pois      32%        1d4       9%          1

Your spell library contained the following spells:

 Spells                   Type           Power      Damage    Failure   Level
 Beastly Appendage        Tmut           8%         N/A       14%         1
 Poisonous Vapours        Pois/Air       14%        N/A       16%         2
 Wereblood                Tmut           4%         N/A       22%         2
 Spider Form              Tmut/Pois      4%         N/A       24%         3
 Mephitic Cloud           Conj/Pois/Air  5%         N/A       36%         3
 Olgreb's Toxic Radiance  Pois           13%        N/A       43%         4


Dungeon Overview and Level Annotations

Branches:
Dungeon (2/15)

Altars:

Shops:
D:2 *


Innate Abilities, Weirdness & Mutations

You regenerate magic rapidly.


Message History

Confirm with . or Enter, or press ? or * to list all spells.
Aiming: Sting (safe; 9% risk of failure)
Press: ? - help, Shift-Dir - straight line, f - gnoll
Aim: a gnoll, wielding a +0 club (heavily wounded, 72% to hit)
The sting hits the gnoll but does no damage.
The gnoll is poisoned.
The gnoll is heavily wounded.
The gnoll hits you with a +0 club.
Casting: Sting (safe; 9% risk of failure)
Confirm with . or Enter, or press ? or * to list all spells.
Aiming: Sting (safe; 9% risk of failure)
Press: ? - help, Shift-Dir - straight line, f/p - gnoll
Aim: a gnoll, wielding a +0 club (severely wounded, poisoned, 72% to hit)
The sting hits the gnoll.
The gnoll looks even sicker.
The gnoll is severely wounded.
The gnoll hits you with a +0 club.
You hit the gnoll but do no damage.
The gnoll is severely wounded.
You barely miss the gnoll.
The gnoll is severely wounded.
You kill the gnoll!
You see here a +0 club.
Magic restored.
HP restored.
Done exploring.
Done exploring.
Done exploring.
(D) Dungeon
Where to? (Enter - D:2 @ (x,y), ? - help)
There is a stone staircase leading down here.
You climb downwards.
The gnoll hits you with a +2 whip of electrocution.
There is a stone staircase leading up here.
The gnoll hits you with a +2 whip of electrocution!
Ouch! That really hurt!
* * * LOW HITPOINT WARNING * * *
You climb upwards.
There is a stone staircase leading down here.
The gnoll hits you with a +2 whip of electrocution!
You die...

#.................##.#
######....#.########.##.#
..........#.# #.##.#
#######...#.# #.##.#
#)..#.# #.##.# #...#.#
#.##.# #...#.# #.##.#
#######...#.########.##.#
.....)......)...@g...>..#
#######.###.########.####
#.# #.########...## #.#
#.............# #.#
############### #.# #.#
##'###### ### #.......#


You could see a gnoll.

Vanquished Creatures
  A gnoll (D:1)
  A dart slug (D:1)
  An endoplasm (D:1)
  A ball python (D:2)
  A bat (D:2)
  4 goblins (D:1)
  4 kobolds (D:1)
  4 rats
17 creatures vanquished.

Notes
Turn   | Place    | Note
-------+----------+-------------------------------------------
     0 | D:1      | frimble the Demonspawn Venom Mage began the quest for the
                  | Orb.
     0 | D:1      | Reached XP level 1. HP: 13/13 MP: 3/3
   285 | D:1      | Found a faded altar of an unknown god.
   627 | D:1      | Reached skill level 1 in Fighting
   917 | D:1      | Gained mutation: You regenerate magic rapidly. [demonic
                  | ancestry]
   917 | D:1      | Reached XP level 2. HP: 15/21 MP: 3/5
  1693 | D:2      | Found Anleneuff's Assorted Antiques.
  1700 | D:2      | Bought a scroll labelled LEUPEO AFEI for 19 gold pieces
  1946 | D:1      | Slain by a gnoll

Illustrated notes

Levels and vault maps discovered:
D:1:      psy_arrival_terrarium, layout_basic, ebering_ecumenical_altar_mist,
          minmay_box_of_dots
D:2:      layout_basic, serial_shops, nicolae_shop_overgrown_old_shop,
          basic_altar, minivault_27

Skill      XL: |  1 |
---------------+----+-----
Fighting       | 1 |  1.1
Short Blades   | |  0.9
Dodging        | |  1.7
Stealth        | |  1.7
Spellcasting   | |  2.0
Transmutations | |  0.8
Poison Magic   | |  3.6

Action                   || total
-------------------------++-------
Melee: Short sword       ||    20
       Dagger            ||    43
 Cast: Sting             ||    14
  Use: Scroll            ||     5
 Stab: Sleeping          ||     1
Armor: Robe              ||    10
Dodge: Dodged            ||    37

Table legend: (Time is in decaauts)
 A = Elapsed time spent in this place.
 B = Non-inter-level travel time spent in this place.
 C = Inter-level travel time spent in this place.
 D = Time resting spent in this place.
 E = Time spent auto-exploring this place.
 F = Levels seen in this place.
 G = Mean time per level.
                   A        B        C        D        E       F      G
               +--------+--------+--------+--------+--------+-----+--------+
         Total |   1934 |   1909 |     25 |      0 |   1645 |   2 |  967.0 |
       Dungeon |   1934 |   1909 |     25 |      0 |   1645 |   2 |  967.0 |
               +--------+--------+--------+--------+--------+-----+--------+

Top non-repeatable levels by time:
     D:1: 1778 daAuts
     D:2: 155 daAuts
